 Dungeon Crawl Stone Soup version 0.32-a0-913-g739538afd8 (webtiles) character file.

Game seed: 3072462787226919930

265 Heh the Slasher (level 6, -5/44 HPs)
             Began as a Coglin Gladiator on Apr 8, 2024.
             Splashed by a jelly's acid (10 damage)
             ... on level 4 of the Dungeon.
             The game lasted 00:03:33 (2627 turns).

Heh the Slasher (Coglin Gladiator)                  Turns: 2627, Time: 00:03:34

Health: -5/44      AC: -6    Str: 14    XL:     6   Next: 20%
Magic:  6/6        EV: 11    Int:  8    God:
Gold:   228        SH:  0    Dex: 17    Spells: 5/5 levels left

rFire   + . .        a - +0 long sword {Octavia}
rCold   . . .        y - +0 falchion {Silke}
rNeg    . . .        q - +2 leather armour {rF+}
rPois   .            c - +0 helmet
rElec   .            (no cloak)
rCorr   .            (no gloves)
SInv    .            (no boots)
Will    .....        (amulet unavailable)
Stlth   +            (ring unavailable)
HPRegen 0.27/turn    (ring unavailable)
MPRegen 0.10/turn    (no gizmo)

%: no passive effects
@: corroded, revving
A: off-hand wielding, slow wielding, warmup strikes, no jewellery
a: Invent Gizmo


You were on level 4 of the Dungeon.
You visited 1 branch of the dungeon, and saw 4 of its levels.

You collected 228 gold pieces.

Inventory:

Hand Weapons
 a - a +0 long sword (weapon) {Octavia}
 f - a +0 dagger {Wolf}
 g - a +4 mace {Surjit}
 s - a +0 short sword {Malena}
 y - a +0 falchion (offhand) {Silke}
Missiles
 d - 3 throwing nets
 e - a javelin (quivered)
 k - 3 poisoned darts
Armour
 b - a +0 leather armour
 c - a +0 helmet (worn)
 p - a +0 ring mail
 q - a +2 leather armour of fire resistance (worn)
Wands
 w - a wand of roots (10)
Scrolls
 i - a scroll of brand weapon
 j - a scroll of poison
 l - 5 scrolls of teleportation {unknown}
 o - a scroll of enchant weapon
 r - a scroll of amnesia {unknown}
 t - a scroll of noise
 v - a scroll of fog {unknown}
Potions
 h - 3 potions of lignification {unknown}
 m - a potion of mutation {unknown}
 n - a potion of might {unknown}
 u - a potion of resistance {unknown}
 x - 2 potions of heal wounds {unknown}
 z - a potion of berserk rage {unknown}


   Skills:
 - Level 2.0 Fighting
 + Level 6.7 Long Blades
 - Level 1.7 Throwing
 - Level 2.6 Dodging


You had 5 spell levels left.
You didn't know any spells.
Your spell library contained the following spells:

 Spells                   Type           Power      Damage    Failure   Level
 Mercury Vapours          Alch/Air       0%         N/A       63%         2
 Mephitic Cloud           Conj/Alch/Air  0%         N/A       86%         3
 Freezing Cloud           Conj/Ice/Air   0%         6-21      100%        5


Dungeon Overview and Level Annotations

Branches:
Dungeon (4/15)
 Temple: D:4-7

Altars:
Yredelemnul

Shops:
D:3 =


Innate Abilities, Weirdness & Mutations

You can wield a second weapon in your off-hand.
It takes a long time for you to wield or remove held weapons.
Your first few attacks do less damage.
You cannot equip rings or amulets.


Message History

No target in view!
No target in view!
No target in view!
No target in view!
No target in view!
No target in view!
Found an escape hatch in the ceiling.
Found a long sword.
A jelly comes into view.
The jelly closely misses you.
You hit the jelly with your +0 falchion.
Your graspers burn!
The jelly is moderately wounded.
You slash the jelly with your +0 long sword!
The acid corrodes you!
Your graspers burn!
The jelly hits you. The acid corrodes you!
You are splashed with acid!
You hit the jelly but do no damage.
Your graspers burn!
The jelly is almost dead.
You hit the jelly but do no damage.
Your graspers burn!
The jelly hits you.
You are splashed with acid!
* * * LOW HITPOINT WARNING * * *
You are too injured to fight recklessly!
You are too injured to fight recklessly!
You are too injured to fight recklessly!
You are too injured to fight recklessly!
You are too injured to fight recklessly!
You are too injured to fight recklessly!
You are too injured to fight recklessly!
You are too injured to fight recklessly!
You are too injured to fight recklessly!
You are too injured to fight recklessly!
You are too injured to fight recklessly!
You barely miss the jelly with your +0 falchion.
The jelly is almost dead.
You hit the jelly but do no damage.
Your graspers burn!
* * * LOW HITPOINT WARNING * * *
The jelly hits you.
* * * LOW HITPOINT WARNING * * *
The acid corrodes you!
You are splashed with acid!
You die...

#.# #.##.#
.####.####†...#
..†...........#
......######.##
#####.# #.# #####.#
#.# ......# #.###
####.##
##.#.######### #.#
##.....@J?....#
#.#####.#.....####...
#......#..........
#####.#.#.....####
#.##......#
#<###...).# #..
......# #####.....#
...#


You could see a jelly.

Vanquished Creatures
  2 scorpions (D:4)
  A jelly (D:4)
  5 adders
  A dart slug (D:1)
  7 orcs
  5 ball pythons
  2 bats
  7 endoplasms
  A giant cockroach (D:4)
  3 goblins
  6 hobgoblins
  4 jackals (D:1)
  3 kobolds
  5 quokkas
  9 frilled lizards
  4 rats
65 creatures vanquished.

Notes
Turn   | Place    | Note
-------+----------+-------------------------------------------
     0 | D:1      | Heh the Coglin Gladiator began the quest for the Orb.
     0 | D:1      | Reached XP level 1. HP: 16/16 MP: 1/1
    54 | D:1      | Reached XP level 2. HP: 22/22 MP: 2/2
   706 | D:2      | Reached skill level 4 in Long Blades
   788 | D:2      | Reached XP level 3. HP: 25/27 MP: 3/3
  1474 | D:3      | Found Yscha's Jewellery Shop.
  1653 | D:3      | Reached XP level 4. HP: 20/33 MP: 4/4
  1825 | D:3      | Found a basalt altar of Yredelemnul.
  1900 | D:3      | Reached skill level 5 in Long Blades
  2220 | D:4      | Reached XP level 5. HP: 33/38 MP: 5/5
  2454 | D:4      | Reached skill level 6 in Long Blades
  2526 | D:4      | Reached XP level 6. HP: 44/44 MP: 6/6
  2627 | D:4      | Splashed by a jelly's acid

Illustrated notes

Levels and vault maps discovered:
D:1:      nicolae_arrival_washed_ashore, layout_loops_ring,
          nicolae_houndstooth_variations
D:2:      layout_basic, serial_corexii_hall, corexii_hall_statues_deadend,
          corexii_hall_statues_l, minmay_3d_cube
D:3:      cheibrodos_helix_gallery, layout_basic, mainiacjoe_overflow_chevrons,
          serial_shops, nicolae_shop_gaudy_bauble
D:4:      minmay_evil_eye, layout_loops_ring, minmay_cut_off

Skill      XL: |  1  2  3  4  5 |
---------------+----------------+-----
Long Blades    | 4 5 6 |  6.7
Fighting       | |  2.0
Throwing       | |  1.7
Dodging        | |  2.6

Action                     |  1- 3 |  4- 6 || total
---------------------------+-------+-------++-------
  Melee: Long sword        |    72 |    64 ||   136
         Dagger            |    62 |     2 ||    64
         Short sword       |       |    38 ||    38
         Falchion          |       |    21 ||    21
    Use: Scroll            |       |     4 ||     4
   Stab: Sleeping          |     1 |     2 ||     3
 Armour: Leather armour    |    29 |    37 ||    66
         Ring mail         |     4 |       ||     4
  Dodge: Dodged            |    35 |    29 ||    64

Table legend: (Time is in decaauts)
 A = Elapsed time spent in this place.
 B = Non-inter-level travel time spent in this place.
 C = Inter-level travel time spent in this place.
 D = Time resting spent in this place.
 E = Time spent auto-exploring this place.
 F = Levels seen in this place.
 G = Mean time per level.
                   A        B        C        D        E       F      G
               +--------+--------+--------+--------+--------+-----+--------+
         Total |   2629 |   2529 |    100 |      0 |   2030 |   4 |  657.2 |
       Dungeon |   2629 |   2529 |    100 |      0 |   2030 |   4 |  657.2 |
               +--------+--------+--------+--------+--------+-----+--------+

Top non-repeatable levels by time:
     D:3: 880 daAuts
     D:2: 670 daAuts
     D:1: 668 daAuts
     D:4: 410 daAuts
